 Dungeon Sprint DCSS version 0.21-a0-286-g6fcecc0 (webtiles) character file.

546 potatolord6000 the Conjurer (level 6, -6/45 HPs)
             Began as a Demigod Conjurer on Sept 27, 2017.
             Mangled by a small abomination (19 damage)
             ... in the Dungeon (Sprint VII: "The Pits").
             The game lasted 00:05:23 (711 turns).

potatolord6000 the Conjurer (Demigod Conjurer)       Turns: 711, Time: 00:05:23

Health: -6/45      AC:  2    Str: 11    XL:     6   Next: 78%
Magic:  2/18       EV: 16    Int: 23    God:
Gold:   0          SH:  0    Dex: 16    Spells: 7/17 levels left

rFire    . . .     SeeInvis .   p - staff of energy
rCold    . . .     Gourm    .   (no shield)
rNeg     . . .     Faith    .   a - +0 robe
rPois    .         Spirit   .   (no helmet)
rElec    .         Reflect  .   (no cloak)
rCorr    .         Harm     .   (no gloves)
MR       .....     NoTele   +   (no boots)
Stlth    ++........             (no amulet)
HPRegen  0.15/turn              (no ring)
MPRegen  0.16/turn              (no ring)

@: very slightly contaminated
A: high mp 1
a: no special abilities


You were in the Dungeon.
You were not hungry.

You visited 1 branch

Inventory:

Armour
 a - a +0 robe (worn)
Magical Staves
 p - an uncursed staff of energy (weapon)
Scrolls
 i - a scroll of blinking
 k - 3 scrolls of remove curse
 l - 4 scrolls of amnesia
 m - a scroll of summoning
Potions
 d - 6 potions of curing
 e - 5 potions of heal wounds
 f - a potion of haste
 g - 3 potions of magic
 h - 2 potions of berserk rage
 j - 2 potions of invisibility
Books
 b - a book of Conjurations

   Spells                             Type                      Level
   a - Magic Dart                     Conjuration                  1
   b - Searing Ray                    Conjuration                  2
   c - Dazzling Spray                 Conjuration/Hexes            3
   d - Fulminant Prism                Conjuration/Hexes            4
   e - Force Lance                    Conjuration/Translocation    4
   f - Iskenderun's Mystic Blast      Conjuration                  4
Comestibles
 c - 8 bread rations
 n - 40 fruits
 o - 7 meat rations


   Skills:
 + Level 6.0 Staves
 + Level 6.5 Dodging
 - Level 1.7 Stealth
 + Level 6.1 Spellcasting
 + Level 7.2 Conjurations
 + Level 5.9 Evocations


You had 7 spell levels left.
You knew the following spells:

 Your Spells              Type           Power        Failure   Level  Hunger
a - Iskenderun's Mystic   Conj           #####...     4%          4    None
b - Searing Ray           Conj           #####.       1%          2    None
c - Force Lance           Conj/Tloc      ###.....     19%         4    None


Dungeon Overview and Level Annotations

Branches:
Dungeon (1/1)


Innate Abilities, Weirdness & Mutations

You have an increased reservoir of magic. (+10% MP)


Message History

Aiming: Iskenderun's Mystic Blast
Press: ? - help, Shift-Dir - straight line, f - small abomination
Aim: a small abomination (lightly damaged)
The orb of energy hits the small abomination.
The small abomination is heavily damaged.
Something barely misses you. Something hits you.
Casting: Iskenderun's Mystic Blast
Confirm with . or Enter, or press ? or * to list all spells.
Aiming: Force Lance
Press: ? - help, Shift-Dir - straight line, f/p - small abomination
Aim: a small abomination (heavily damaged)
You miscast Force Lance.
You are very lightly contaminated with residual magic.
Your skin tingles.
Something hits you but does no damage. Something hits you.
The small abomination hits you!!
* * * LOW HITPOINT WARNING * * *
You feel much better. Something hits you. Something hits you!
* * * LOW HITPOINT WARNING * * *
The small abomination hits you!!
You die...

#.#.....#'###...<...#
#.#........##.......#
#.#........##.......#
#(###########.......#
#....)..#†. #########
#..#.#..#.# ###
#.##.##.#.# ...#
#.......#†#....#
#.##.##.#@x....+
#..#.#..#'#....#
#.......).# ...#
########### ###


You could see a small abomination.

Vanquished Creatures
  A fire bat (D)
  A black bear (D)
  An ogre (D)
  A big kobold (D)
  A wight (D)
  An orc priest (D)
  A hound (D)
  An orc wizard (D)
  A mummy (D)
  A river rat (D)
  An adder (D)
  An ufetubus (D)
  A leopard gecko (D)
  3 orcs (D)
  A goblin (D)
  4 jackals (D)
  3 frilled lizards (D)
24 creatures vanquished.

Notes
Turn   | Place    | Note
-------+----------+-------------------------------------------
     0 | D        | potatolord6000 the Demigod Conjurer began the quest for the Orb.
     0 | D        | Reached XP level 1. HP: 14/14 MP: 5/5
    21 | D        | Found a bloodstained altar of Trog.
    21 | D        | Found a deep blue altar of Sif Muna.
    21 | D        | Found a viscous altar of Jiyva.
    21 | D        | Found a hazy altar of Hepliaklqana.
    21 | D        | Found an opulent altar of Gozag.
    61 | D        | Reached skill level 1 in Staves
    61 | D        | Reached skill level 4 in Conjurations
    61 | D        | Reached skill level 1 in Evocations
    61 | D        | Reached XP level 2. HP: 20/20 MP: 6/8
    69 | D        | Learned a level 2 spell: Searing Ray
   265 | D        | Noticed a big kobold
   284 | D        | Killed a big kobold
   284 | D        | Reached skill level 5 in Conjurations
   284 | D        | Reached XP level 3. HP: 22/26 MP: 1/11
   284 | D        | Reached XP level 4. HP: 27/33 MP: 1/12
   302 | D        | Learned a level 4 spell: Iskenderun's Mystic Blast
   307 | D        | Learned a level 4 spell: Force Lance
   363 | D        | Noticed an ogre
   365 | D        | Reached XP level 5. HP: 38/38 MP: 0/14
   381 | D        | Reached skill level 5 in Dodging
   434 | D        | Killed an ogre
   434 | D        | Reached skill level 5 in Spellcasting
   434 | D        | Reached skill level 6 in Conjurations
   550 | D        | Reached skill level 5 in Staves
   550 | D        | Reached skill level 5 in Evocations
   550 | D        | Reached XP level 6. HP: 45/45 MP: 7/17
   616 | D        | Noticed a fire bat
   620 | D        | Killed a fire bat
   620 | D        | Reached skill level 7 in Conjurations
   711 | D        | Mangled by a small abomination

Vault maps used:
D:        pitsprint

Skill      XL: |  1  2  3  4  5  6 |
---------------+-------------------+-----
Dodging        | 2 4 5 6 |  6.5
Spellcasting   | 2 3 4 5 6 |  6.1
Staves         | 1 3 4 5 6 |  6.0
Conjurations   | 4 5 6 7 |  7.2
Evocations     | 1 2 3 5 |  5.9
Stealth        | |  1.7

Action                   |  1- 3 |  4- 6 || total
-------------------------+-------+-------++-------
Melee: Staff             |    10 |       ||    10
 Cast: Magic Dart        |    11 |     5 ||    16
       Searing Ray       |     3 |     5 ||     8
       Iskenderun's Myst |       |     7 ||     7
       Force Lance       |       |     2 ||     2
Evoke: Staff of energy   |       |     1 ||     1
  Use: Potion            |     1 |     2 ||     3
       Scroll            |       |     1 ||     1
Armor: Robe              |       |     2 ||     2
Dodge: Dodged            |    12 |    16 ||    28

Table legend:
 A = Spawn XP
 B = Non-spawn XP
 C = Spawn XP percentage of total XP
 D = Spawn monster count
 E = Non-spawn monster count
 F = Spawn count percentage of total count
 G = Total turns spent on level
                    A         B        C        D         E        F      G
               +---------+---------+-------+---------+---------+-------+---------
         Total |       0 |     781 |   0.0 |       0 |      24 |   0.0 |   711
               +---------+---------+-------+---------+---------+-------+---------
             D |       0 |     781 |   0.0 |       0 |      24 |   0.0 |   711
               +---------+---------+-------+---------+---------+-------+---------
